 Dungeon Crawl Stone Soup version 0.17-a0-737-gf0a300a (webtiles) character file.

208 Ngotmuk the Covered (level 5, -7/49 HPs)
             Began as a Deep Dwarf Fighter on Apr 26, 2015.
             Killed by divine providence
             ... invoked by an orc priest
              (10 damage)
             ... on level 5 of the Dungeon.
             The game lasted 00:04:51 (2812 turns).

Ngotmuk the Covered (Deep Dwarf Fighter)            Turns: 2812, Time: 00:04:51

Health: -7/49      AC: 10    Str: 20    XL:     5   Next: 55%
Magic:  5/5        EV:  5    Int:  9    God:
Gold:   105        SH:  9    Dex: 12    Spells: 0 memorised, 4 levels left

rFire  . . .     SeeInvis .     a - +0 war axe
rCold  . . .     Clarity  .     l - +0 chain mail
rNeg   . . .     SustAb   .     c - +0 shield
rPois  .         Gourm    +     (no helmet)
rElec  .         Spirit   .     b - +0 cloak
rCorr  .         Warding  .     (no gloves)
rMut   .         Stasis   .     (no boots)
MR     .....                    n - amulet of the gourmand
Stlth  ..........               (no ring)
                                (no ring)

@: non-regenerating, not resistant to hostile enchantments, extremely unstealthy
A: damage resistance, recharge devices, sense surroundings 1, slow healing 3
a: Device Recharging


You were on level 5 of the Dungeon.
You were not hungry.

You visited 1 branch of the dungeon, and saw 5 of its levels.

You collected 105 gold pieces.

Inventory:

Hand weapons
 a - a +0 war axe (weapon)
Armour
 b - a +0 cloak (worn)
 c - a +0 shield (worn)
 l - a +0 chain mail (worn)
Jewellery
 n - an amulet of the gourmand (around neck)
 v - an uncursed ring of poison resistance {unknown}
Magical devices
 e - a wand of heal wounds (4)
Scrolls
 g - a scroll of magic mapping {unknown}
 i - a scroll of teleportation {unknown}
 j - 2 scrolls of identify {unknown}
 m - 2 scrolls of remove curse {unknown}
 p - a scroll of random uselessness {unknown}
 r - a scroll of blinking {unknown}
 u - a scroll of immolation {unknown}
 w - a scroll of enchant weapon {unknown}
Potions
 d - a potion of might
 h - 3 potions of brilliance {unknown}
 k - a potion of agility {unknown}
 q - a potion of heal wounds {unknown}
 t - a potion of curing {unknown}
Comestibles
 f - 4 bread rations
 o - a slice of pizza
 s - 2 fruits


   Skills:
 + Level 3.6 Fighting
 * Level 4.3 Axes
 + Level 4.5 Armour
 + Level 3.8 Shields


You had 4 spell levels left.
You didn't know any spells.

Dungeon Overview and Level Annotations

Branches:
Dungeon (5/15)
 Temple: D:4-7

Altars:
Dithmenos
Gozag
Nemelex Xobeh
Qazlal
Vehumet

Annotations:
D:4 Ngotmuk's ghost, experienced DDFi


Innate Abilities, Weirdness & Mutations

You are resistant to damage.
You can recharge devices by infusing magical energy.
You passively map a small area around you.
You do not heal naturally.


Message History

The orc priest is lightly wounded.
You hit something.
The orc priest hits you with a hand axe.
Something hits you but does no damage.
Your chain mail prevents you from hitting the orc priest.
The orc priest is lightly wounded.
You closely miss something. Something hits you but does no damage.
The orc priest mumbles some strange prayers to Beogh against you.
Something smites you!
* * * LOW HITPOINT WARNING * * *
The orc priest calls upon Beogh to heal the orc priest.
The orc priest's wounds heal themselves!
You block its attack.
The orc priest hits you with a hand axe.
You slash the orc priest!
The orc priest is severely wounded.
You closely miss something.
The orc priest invokes the aid of Beogh against you.
Something smites you!
You die...

* * ##..# * ##...#
###....# ###
##.....##
##.#######....†##
#.....##<......##
#........<.†....#
#.[........###...#*
#{@###....## ##...#
#o## #...## #...


#oo #...# #.. #..# #..## .. #..# #..# *.. #..# ##.. .# ##. * #. You could see 2
orc priests and an orc.

Vanquished Creatures
  An orc priest (D:5)
  A worker ant (D:5)
  An orc wizard (D:5)
  4 adders
  5 worms
  A giant gecko (D:3)
  5 orcs
  3 ball pythons (D:1)
  7 bats
  4 giant cockroaches
  15 goblins
  3 hobgoblins
  A quokka (D:2)
  5 giant newts
  9 jackals
  6 kobolds
  A quokka skeleton (D:5)
  12 rats
84 creatures vanquished.

Notes
Turn   | Place    | Note
--------------------------------------------------------------
     0 | D:1      | Ngotmuk, the Deep Dwarf Fighter, began the quest for the Orb.
     0 | D:1      | Reached XP level 1. HP: 20/20 MP: 1/1
   264 | D:1      | Reached XP level 2. HP: 24/27 MP: 2/2
  1297 | D:2      | Reached XP level 3. HP: 25/34 MP: 3/3
  1401 | D:2      | Found an opulent altar of Gozag.
  1516 | D:2      | Found a stormy altar of Qazlal.
  1766 | D:3      | Found a shadowy altar of Dithmenos.
  1772 | D:3      | Reached skill level 4 in Armour
  1772 | D:3      | Reached XP level 4. HP: 22/42 MP: 4/4
  2269 | D:3      | Found a radiant altar of Vehumet.
  2270 | D:3      | Found a sparkling altar of Nemelex Xobeh.
  2557 | D:4      | Noticed an ogre
  2559 | D:4      | Noticed Ngotmuk's ghost (experienced DDFi)
  2596 | D:5      | Entered Level 5 of the Dungeon
  2719 | D:5      | Reached XP level 5. HP: 38/49 MP: 5/5
  2812 | D:5      | Killed from afar by an orc priest

Action                   |  1- 3 |  4- 6 || total
-------------------------+-------+-------++-------
Melee: War axe           |   150 |   128 ||   278
Evoke: Wand              |       |     1 ||     1
  Eat: Meat ration       |     1 |       ||     1
       Beef jerky        |       |     1 ||     1
